Map: Honorgrounds LE

Players

TimeTwist - Winner!

  • Race: Zerg Zerg
  • Spawn Location: 11:00

Loken

  • Race: Zerg Zerg
  • Spawn Location: 1:00

FrogMint

  • Race: Zerg Zerg
  • Spawn Location: 5:00

dallaskuken - Winner!

  • Race: Protoss Protoss
  • League: Gold
  • Spawn Location: 7:00

VOD

Have the link to the VOD?

Description

Time

  • Played on: March 10, 2017, 8:59 a.m.
  • Length: 19:20
Show
View Real Time Build Order
Export as new Build Order

TimeTwist Zerg - Winner!

Build Orders: Pool First, Zergling Baneling 

Get SALT Encoding   

  12  0:01  Drone  
  13  0:09  Drone  
  14  0:18  Overlord  
  14  0:28  Drone, Extractor  
  14  0:37  Drone  
  14  0:38  Drone  
  16  0:44  Drone  
  17  0:54  Spawning Pool  
  17  0:56  Drone  
  17  1:06  Drone  
  18  1:17  Drone  
  19  1:30  Overlord  
  19  1:41  Queen  
  21  1:48  Hatchery  
  21  1:52  Zergling x2  
  21  1:58  Zergling x2  
  21  2:00  Metabolic Boost  
  22  2:07  Zergling x2  
  23  2:11  Zergling x2  
  24  2:23  Queen, Zergling x2  
  27  2:35  Overlord  
  27  2:48  Zergling x2  
  29  2:51  Zergling x4  
  30  3:06  Drone x3  
  33  3:14  Drone  
  34  3:27  Drone x3, Overlord  
  34  3:28  Drone x2  
  39  3:35  Baneling Nest  
  38  3:53  Zergling x10  
  35  4:04  Spine Crawler, Queen  
  35  4:05  Spine Crawler  
  35  4:06  Zergling x8  
  35  4:07  Zergling x2  
  40  4:18  Drone  
  40  4:20  Drone  
  42  4:25  Baneling x3  
  42  4:27  Baneling x2  
  42  4:28  Baneling  
  42  4:34  Drone x5  
  47  4:50  Burrow  
  43  4:55  Baneling x2  
  42  5:00  Drone x2  
  42  5:15  Baneling x2  
  42  5:16  Zergling x6  
  42  5:17  Zergling x8  
  49  5:25  Overlord  
  49  5:31  Hatchery  
  48  5:36  Overlord  
  48  5:38  Zergling x6  
  51  5:56  Drone x3  
  51  5:57  Drone  
  55  6:14  Drone  
  55  6:15  Drone x4  
  55  6:17  Lair  
  60  6:21  Overlord x2  
  60  6:22  Drone x2  
  57  6:42  Zergling x4  
  57  6:43  Zergling x6  
  61  6:51  Extractor  
  60  6:56  Drone  
  60  6:59  Extractor  
  60  7:03  Drone, Extractor  
  60  7:21  Zergling x14  
  60  7:22  Zergling x10  
  72  7:26  Evolution Chamber x2  
  63  7:38  Zergling x2  
  63  7:39  Zergling x8  
  67  7:52  Zerg Ground Armor Level 1  
  67  7:53  Zerg Melee Weapons Level 1  
  67  7:57  Infestation Pit  
  66  8:03  Zergling x10  
  66  8:04  Zergling x14  
  75  8:07  Hatchery  
  73  8:24  Baneling x3  
  72  8:30  Baneling  
  72  8:31  Baneling  
  72  8:32  Zergling x8  
  72  8:33  Zergling x8  
  77  8:41  Drone  
  77  8:42  Spire  
  73  9:18  Overlord  
  73  9:19  Overlord  
  73  9:21  Zergling x6  
  70  9:44  Zergling x6  
  70  9:45  Zergling x14  
  73  9:46  Zergling x2  
  70  9:57  Zergling x4  
  70  9:58  Zergling x4  
  66  10:07  Queen  
  66  10:08  Drone  
  66  10:09  Drone x2  
  71  10:27  Baneling x4  
  71  10:28  Baneling x4  
  71  10:30  Overlord x2  
  71  10:34  Zerg Ground Armor Level 2, Hive  
  71  10:35  Zerg Melee Weapons Level 2  
  71  10:41  Drone x2  
  74  10:42  Drone  
  74  10:43  Drone x2  
  74  10:45  Extractor  
  74  10:46  Extractor  
  66  11:05  Zergling x8  
  66  11:06  Zergling x12  
  66  11:07  Drone, Zergling x2  
  78  11:24  Mutalisk x2  
  78  11:25  Mutalisk x5  
  84  11:30  Spore Crawler  
  84  11:40  Drone x2  
  84  11:45  Spore Crawler  
  85  11:48  Ultralisk Cavern  
  85  11:51  Queen, Spore Crawler  
  85  11:52  Drone x4  
  83  12:05  Drone x4  
  83  12:06  Drone  
  83  12:07  Mutalisk x3  
  75  12:30  Mutalisk x3  
  79  12:43  Mutalisk  
  81  12:49  Queen  
  81  12:50  Drone x2, Extractor  
  81  12:51  Drone x4  
  87  12:55  Ultralisk x3  
  106  13:08  Mutalisk x2  
  110  13:24  Mutalisk x5  
  110  13:25  Mutalisk x3  
  126  13:34  Drone  
  127  13:48  Adrenal Glands  
  126  14:19  Overlord x2  
  126  14:20  Overlord x3  
  126  14:21  Zerg Ground Armor Level 3  
  126  14:22  Zerg Melee Weapons Level 3  
  126  14:32  Zergling x2  
  126  14:33  Overlord  
  126  14:34  Overlord x3  
  124  14:48  Overseer x2  
  124  14:49  Overseer  
  124  14:51  Ultralisk  
  124  14:52  Zergling x6  
  110  15:17  Hatchery  
  110  15:20  Spine Crawler x2  
  107  15:21  Spine Crawler  
  107  15:22  Spine Crawler x3  
  107  15:23  Spine Crawler  
  102  15:29  Ultralisk x2  
  114  15:44  Overseer  
  114  15:45  Overseer  
  114  15:47  Pneumatized Carapace  
  114  15:51  Ultralisk x5  
  114  15:52  Zergling x2  
  145  16:05  Drone x3  
  145  16:06  Drone x2  
  150  16:16  Zergling x4  
  150  16:17  Zergling x2  
  153  16:36  Ultralisk  
  159  16:53  Ultralisk x3  
  177  17:00  Drone x3  
  180  17:01  Extractor  
  180  17:04  Extractor  
  178  17:12  Hatchery  
  175  17:27  Ultralisk x2, Zergling x4  
  175  17:28  Zergling x2  
  175  17:29  Zergling x2  
  191  17:58  Centrifical Hooks  
  191  18:03  Baneling x7  
  191  18:04  Baneling x8  
  191  18:05  Baneling x7  
  191  18:06  Baneling x2  
  191  18:30  Zergling x14  
  191  18:31  Zergling x2  
Show
View Real Time Build Order
Export as new Build Order

Loken Zerg 

Build Orders: Hatch First 

Get SALT Encoding   

  12  0:01  Drone  
  13  0:13  Overlord  
  13  0:18  Drone  
  14  0:33  Drone  
  14  0:34  Drone  
  16  0:44  Drone  
  17  1:00  Hatchery, Drone  
  17  1:02  Drone  
  18  1:16  Spawning Pool  
  17  1:18  Drone  
  17  1:22  Drone  
  19  1:26  Extractor  
  19  1:30  Drone  
  19  1:44  Overlord  
  19  2:04  Queen  
  19  2:05  Zergling x2  
  19  2:06  Zergling x2  
  23  2:13  Drone x2  
  23  2:14  Queen  
  27  2:24  Zergling x2  
  28  2:47  Metabolic Boost  
  28  2:49  Drone  
  28  2:50  Drone x4  
  33  2:56  Overlord  
  33  3:01  Overlord  
  32  3:21  Drone  
  32  3:22  Drone x4  
  32  3:24  Drone x3  
  32  3:25  Drone  
  41  3:28  Extractor  
  41  3:33  Extractor  
  39  3:34  Extractor  
  39  3:36  Queen  
  38  3:45  Zergling x8  
  36  3:53  Zergling x8  
  28  4:08  Zergling x2  
  29  4:32  Drone x3  
  29  4:33  Drone x2  
  24  5:00  Drone  
  24  5:01  Drone x7  
  31  5:26  Lair  
  31  5:27  Roach Warren  
  30  5:32  Drone x6  
  36  5:49  Spine Crawler  
  35  5:59  Evolution Chamber  
  35  6:01  Drone x7, Evolution Chamber  
  40  6:17  Zergling x14  
  42  6:48  Roach  
  42  6:49  Roach x4  
  42  6:50  Overlord x2  
  42  6:51  Overlord  
  52  7:03  Glial Reconstitution  
  52  7:08  Queen x2  
  56  7:17  Drone  
  56  7:18  Drone x6  
  56  8:03  Hatchery, Roach  
  56  8:04  Roach x5  
  65  8:10  Hatchery  
  56  8:18  Spire  
  55  8:22  Spine Crawler  
  55  8:25  Roach  
  55  8:26  Roach x5  
  64  8:36  Queen  
  66  8:50  Ravager  
  54  9:00  Drone x3  
  54  9:01  Drone x8  
  65  9:29  Drone x4  
  65  9:30  Drone x3  
  68  9:58  Zergling x20  
  68  9:59  Zergling x8  
  61  10:15  Zergling x2  
  61  10:16  Zergling x10  
  67  10:26  Roach x2  
  67  10:27  Roach x2  
  75  10:39  Mutalisk  
  75  10:40  Mutalisk x3  
  83  10:44  Mutalisk  
  83  10:45  Mutalisk  
  83  10:46  Overlord  
  83  10:47  Overlord x4  
  67  11:01  Zergling x2  
  67  11:02  Zergling x10  
  51  11:12  Roach  
  51  11:13  Roach x9  
  67  11:28  Roach  
  67  11:29  Roach x3  
  70  11:48  Drone  
  70  11:49  Drone x5  
  58  12:35  Mutalisk  
  58  12:36  Mutalisk x5  
  56  12:42  Spine Crawler  
  43  12:44  Spine Crawler  
  43  12:45  Spine Crawler  
  43  12:49  Spine Crawler  
  43  12:50  Spine Crawler  
  39  12:52  Spine Crawler  
  30  13:14  Drone  
  30  13:15  Drone x7  
  38  13:39  Drone  
  38  13:40  Drone x4  
  23  14:19  Hydralisk Den  
  3  15:28  Hatchery, Drone  
  2  15:29  Drone x7  
  10  15:54  Drone  
  11  16:05  Drone  
  11  16:06  Drone  
  11  16:10  Drone  
  1  16:48  Drone  
  1  16:51  Drone  
  3  17:12  Drone  
  4  17:27  Drone  
  5  17:42  Drone  
  6  17:53  Drone  
  7  18:04  Drone  
  8  18:13  Drone  
  3  18:31  Drone  
  3  18:56  Drone  
Show
View Real Time Build Order
Export as new Build Order

FrogMint Zerg 

Build Orders: Pool First, Lurkers 

Get SALT Encoding   

  12  0:02  Drone  
  13  0:13  Overlord  
  13  0:23  Drone  
  14  0:33  Drone  
  14  0:34  Drone  
  16  0:38  Drone  
  16  0:41  Extractor  
  16  0:49  Spawning Pool  
  15  0:53  Drone  
  16  1:01  Drone  
  17  1:09  Drone  
  18  1:19  Drone  
  19  1:30  Overlord  
  19  1:36  Queen  
  21  1:41  Drone  
  21  1:42  Metabolic Boost  
  22  1:56  Drone  
  23  2:01  Hatchery  
  22  2:10  Zergling x2  
  22  2:13  Zergling x2  
  24  2:23  Spine Crawler, Drone  
  24  2:28  Queen  
  26  2:44  Zergling x4  
  26  2:50  Zergling x4  
  30  2:57  Overlord  
  29  3:09  Roach Warren  
  28  3:31  Drone x3  
  28  3:32  Queen  
  33  3:48  Zergling x2  
  33  3:49  Zergling x10  
  39  4:02  Drone  
  40  4:07  Roach x2  
  40  4:08  Lair  
  44  4:19  Overlord  
  44  4:20  Overlord x2  
  44  4:40  Drone x6  
  44  5:16  Drone  
  44  5:17  Drone x5  
  44  5:18  Drone x2  
  52  5:25  Glial Reconstitution  
  52  5:27  Roach x2  
  56  5:30  Queen  
  56  5:31  Overseer  
  58  5:38  Pneumatized Carapace  
  58  5:50  Roach  
  58  5:51  Roach x4  
  58  5:53  Overlord x3  
  68  5:57  Extractor  
  68  5:59  Extractor  
  68  6:00  Drone  
  67  6:04  Extractor  
  66  6:20  Ravager x2  
  68  6:36  Roach x2  
  72  6:50  Roach  
  72  6:51  Roach x2  
  78  6:59  Overlord x2  
  78  7:00  Overlord  
  78  7:15  Roach  
  80  7:16  Roach x2  
  84  7:26  Roach  
  84  7:27  Roach x3  
  85  7:51  Queen, Spore Crawler  
  84  7:52  Drone  
  84  7:53  Spine Crawler, Drone x2  
  84  7:55  Drone  
  89  8:00  Spore Crawler  
  89  8:04  Spine Crawler  
  87  8:06  Roach x3  
  93  8:14  Queen  
  93  8:15  Overlord x2  
  95  8:27  Hatchery, Queen  
  96  8:45  Drone x4  
  100  8:49  Roach  
  100  8:50  Roach x3  
  108  9:00  Roach  
  110  9:03  Queen  
  107  9:28  Roach  
  107  9:29  Roach x7  
  95  9:43  Roach  
  95  9:44  Roach x4  
  92  10:00  Hydralisk Den  
  91  10:19  Queen  
  91  10:21  Drone x3  
  95  10:28  Ravager x2  
  98  10:29  Ravager x4  
  98  10:32  Muscular Augments  
  98  10:34  Hydralisk x6  
  114  10:47  Drone x2  
  115  10:55  Queen  
  117  10:59  Drone x2, Hydralisk x3  
  125  11:30  Hydralisk x2  
  129  11:36  Overlord x3  
  129  11:38  Overlord  
  129  12:02  Overseer  
  129  12:06  Lurker Den  
  129  12:17  Hydralisk  
  129  12:18  Hydralisk x11  
  153  12:34  Hydralisk  
  153  12:35  Hydralisk x3  
  161  12:54  Overlord x3  
  161  13:04  Burrow  
  161  13:20  Hydralisk  
  161  13:21  Hydralisk x6  
  175  13:45  Lurker x4  
  175  13:46  Lurker x2  
  175  13:47  Lurker  
  182  13:50  Overlord  
  182  13:55  Hatchery, Extractor  
  181  13:57  Extractor  
  131  15:07  Hydralisk x11  
  132  15:23  Hydralisk x4  
  119  15:42  Drone x2  
  121  15:45  Drone x2  
  120  16:25  Hydralisk x2  
  120  16:26  Hydralisk  
  126  16:46  Hydralisk x2  
  126  16:47  Hydralisk  
  132  17:07  Drone  
  125  17:34  Drone  
  126  17:48  Drone  
  127  17:59  Drone  
  128  18:21  Spore Crawler  
  128  18:23  Spore Crawler  
  126  18:27  Spore Crawler  
  123  19:05  Drone  
Show
View Real Time Build Order
Export as new Build Order

dallaskuken Protoss - Winner!

Build Orders:  

Get SALT Encoding   

  12  0:01  Probe (Chrono Boost)  
  13  0:11  Probe (Chrono Boost)  
  14  0:24  Pylon  
  15  0:28  Probe (Chrono Boost)  
  15  0:42  Gateway  
  15  0:45  Pylon  
  15  0:50  Probe (Chrono Boost)  
  16  1:01  Probe (Chrono Boost)  
  17  1:11  Probe (Chrono Boost)  
  18  1:22  Gateway, Probe (Chrono Boost)  
  18  1:24  Pylon  
  19  1:32  Assimilator  
  18  1:43  Cybernetics Core  
  18  1:44  Zealot  
  20  1:57  Assimilator  
  20  1:58  Probe (Chrono Boost)  
  21  2:10  Probe (Chrono Boost)  
  21  2:11  Zealot  
  24  2:21  Warp Gate  
  25  2:22  Probe (Chrono Boost)  
  25  2:34  Probe (Chrono Boost)  
  26  2:40  Pylon  
  28  2:44  Sentry  
  28  2:47  Probe (Chrono Boost)  
  30  2:59  Probe (Chrono Boost)  
  30  3:01  Gateway  
  30  3:11  Probe (Chrono Boost)  
  31  3:22  Stalker  
  31  3:23  Probe (Chrono Boost)  
  31  3:24  Adept  
  37  3:35  Robotics Facility, Probe (Chrono Boost)  
  37  3:50  Stalker  
  39  3:57  Stalker  
  41  4:13  Nexus  
  41  4:17  Pylon  
  41  4:23  Mothership Core (Chrono Boost)  
  43  4:34  Immortal  
  47  4:44  Probe (Chrono Boost)  
  48  4:46  Stalker  
  50  5:07  Stalker x2  
  50  5:12  Pylon  
  50  5:13  Observer  
  55  5:14  Pylon  
  55  5:34  Probe (Chrono Boost)  
  55  5:35  Probe (Chrono Boost)  
  57  5:43  Stalker  
  57  5:46  Probe x2 (Chrono Boost)  
  61  5:53  Warp Prism  
  61  5:56  Probe (Chrono Boost)  
  64  6:07  Probe (Chrono Boost)  
  65  6:17  Probe (Chrono Boost)  
  66  6:28  Probe (Chrono Boost)  
  67  6:37  Stalker x2  
  67  6:38  Stalker, Probe (Chrono Boost)  
  74  7:12  Stalker x3  
  70  7:33  Zealot  
  70  7:35  Zealot  
  70  7:36  Zealot  
  62  7:59  Robotics Bay  
  62  8:00  Assimilator  
  62  8:04  Assimilator  
  62  8:08  Gateway  
  62  8:11  Gateway  
  62  8:12  Pylon  
  62  8:14  Gateway, Pylon  
  62  8:17  Gateway  
  62  8:20  Gateway  
  62  8:30  Nexus  
  62  8:38  Pylon  
  62  8:41  Pylon  
  62  8:46  Stalker x3  
  64  9:51  Zealot x6  
  64  9:52  Zealot x2  
  58  10:27  Zealot x5  
  58  10:28  Zealot x3  
  60  10:53  Zealot x4  
  60  10:54  Zealot x4  
  74  11:09  Probe (Chrono Boost)  
  74  11:20  Probe (Chrono Boost)  
  73  11:30  Probe (Chrono Boost)  
  74  11:41  Probe (Chrono Boost)  
  74  11:44  Probe (Chrono Boost)  
  76  11:51  Probe (Chrono Boost)  
  76  11:52  Warp Prism  
  79  11:55  Probe (Chrono Boost)  
  79  11:58  Stalker x2  
  79  11:59  Stalker  
  79  12:00  Stalker x2  
  79  12:01  Stalker x3  
  92  12:05  Probe (Chrono Boost)  
  97  12:13  Probe (Chrono Boost)  
  98  12:16  Probe (Chrono Boost)  
  98  12:21  Pylon  
  99  12:24  Probe (Chrono Boost)  
  99  12:26  Probe (Chrono Boost)  
  99  12:35  Probe (Chrono Boost)  
  99  12:41  Stalker  
  99  12:42  Stalker x2  
  102  13:02  Stalker x3  
  102  13:03  Stalker  
  110  13:37  Nexus  
  110  13:49  Nexus  
  110  13:55  Pylon  
  110  13:57  Pylon  
  108  14:25  Stalker x2  
  108  14:26  Stalker  
  89  14:48  Observer  
  66  15:17  Zealot x4  
  66  15:18  Zealot  
  56  15:47  Zealot x2  
  56  15:48  Zealot x3  
  66  16:08  Probe (Chrono Boost)  
  59  16:34  Zealot x2  
  59  16:35  Zealot x3  
  39  18:13  Nexus  
  39  18:44  Nexus  
Tags
 
Add a new tag
Caveats
  • Supply blocks, unpowered buildings, or Contaminate may cause inaccurate times.
  • Supply counts are checked every 10 seconds.